AoeStats
← Elias Lönnrot

Black Forest

506881546Analyzed
4v4 RM · 15d ago on Sep 15, 2026· 19m 56s· 8 players
Game mode
Random Map
Map size
Large (8 player)
Population
200
Speed
Normal
Resources
Standard
Victory
Conquest
Starting age
Dark Age
Ending age
Imperial Age
RankedLock teamsTeams togetherTeam positionsShared explorationLock speedFull tech treeHidden civsTurbo modeCheats
Victory
Defeat
🇫🇮 Persians · Finland
1463
+9
🇨🇿 Berbers · Czechia
1363
+13
🇦🇲 Britons · Armenia
1244
+18
🇫🇮 Italians · Finland
1207
+41
🇻🇳 Saracens · Vietnam
1304
-15
🇩🇪 Khmer · Germany
1299
-15
🇦🇷 Romans · Argentina
1298
-15
🇨🇳 Persians · China
1264
-14
Ding-Dong
5:55 Loom
12:01 Feudal Age
15:45 Bloodlines
17:19 Scale Barding Armor
20:10 Forging
|MP| layc0ni
1:30 Loom
9:59 Feudal Age
10:00 Man-at-Arms
10:33 Double-Bit Axe
14:49 Fishing Lines
ChepinChipjoe
8:33 Loom
9:27 Loom
12:30 Feudal Age
ljysdd
10:22 Feudal Age
10:33 Loom
15:41 Castle Age
14:42 Double-Bit Axe
Dasran
12:36 Feudal Age
15:59 Castle Age
17:26 Loom
18:40 Wheelbarrow
19:07 Fishing Lines
19:47 Double-Bit Axe
Elias Lönnrot
1:19 Loom
12:02 Feudal Age
17:40 Castle Age
19:25 Double-Bit Axe
20:31 Bow Saw
Rakosnik
0:56 Loom
12:46 Feudal Age
17:48 Castle Age
16:26 Double-Bit Axe
19:22 Scale Barding Armor
19:56 Bloodlines
ׅ
5:20 Loom
8:29 Feudal Age
8:37 Man-at-Arms
10:47 Arson
14:11 Fletching
16:01 Padded Archer Armor
Connection lost

Rejoining the realm…

Still unreachable

The connection could not be restored.

Session expired

The server has moved on; the page needs a fresh start.